[Event "Titled Tuesday Blitz October 11 Early 2022"]
[White "Predke, Alexandr"]
[Black "Carbone, Diego"]
[WhiteFideId "24107581"]
[BlackFideId "3002179"]
[WhiteElo "2614"]
[BlackElo "2243"]
[Result "1-0"]
[Round "01"]
[TimeControl "180+1"]
[Date "2022.10.12"]
[WhiteClock "0:00:08"]
[BlackClock "0:00:03"]

1. Nf3 Nf6 2. c4 g6 3. Nc3 d5 4. cxd5 Nxd5 5. h4 Nxc3 6. bxc3 Bg7 7. h5 c5 8. hxg6 hxg6 9. Rxh8+ Bxh8 10. Qa4+ Nc6 11. Qf4 Qd6 12. Qh6 Bf6 13. Ba3 b6 14. d4 Bd7 15. e4 e5 16. dxc5 Qe7 17. Ba6 bxc5 18. Qe3 Rb8 19. Rd1 Bg4 20. Qxc5 Qxc5 21. Bxc5 Be7 22. Bxe7 Kxe7 23. Bc4 Bxf3 24. gxf3 Rb2 25. Bd5 Nd8 26. Rd2 Rb1+ 27. Ke2 Rc1 28. Kd3 Ne6 29. Bxe6 Kxe6 30. Rc2 Rd1+ 31. Ke2 Ra1 32. Rd2 Rc1 33. Kd3 Ra1 34. Kc4 Rc1 35. Kb3 Ke7 36. c4 Ke6 37. Kb4 Rb1+ 38. Kc5 Rc1 39. Kb5 f5 40. c5 fxe4 41. fxe4 Re1 42. c6 Rc1 43. a4 Rb1+ 44. Ka6 Rc1 45. Kb7 Rb1+ 46. Kc8 Rc1 47. c7 1-0


[Site "https://www.chess.com"]

[Event "Titled Tuesday Blitz October 11 Early 2022"]
[White "Priasmoro, Novendra"]
[Black "Sanchez, Robert"]
[WhiteFideId "7105029"]
[BlackFideId "2034360"]
[WhiteElo "2412"]
[BlackElo "2390"]
[Result "1-0"]
[Round "01"]
[TimeControl "180+1"]
[Date "2022.10.12"]
[WhiteClock "0:01:52"]
[BlackClock "0:01:21"]

1. e4 e6 2. d4 d5 3. Nc3 Nf6 4. e5 Nfd7 5. f4 c5 6. Nf3 Nc6 7. Be3 Be7 8. Qd2 a6 9. Be2 cxd4 10. Nxd4 Nxd4 11. Bxd4 f6 12. O-O O-O 13. Bg4 f5 14. Bf3 b5 15. Nxd5 Rb8 16. Nxe7+ Qxe7 17. Ba7 Rb7 18. Bxb7 Bxb7 19. Rad1 Bd5 20. b3 b4 21. c4 bxc3 22. Qxc3 Ra8 23. Bf2 Nf8 24. Bc5 Qc7 25. Qd4 Qb7 26. Rf2 Ng6 27. Qb4 Qf7 28. Qb6 Re8 29. Qxa6 Nh4 30. Qd6 h6 31. Rfd2 Be4 32. Qd7 Qg6 33. Qxe8+ Qxe8 34. Rd8 1-0


[Site "https://www.chess.com"]

[Event "Titled Tuesday Blitz October 11 Early 2022"]
[White "Principe, Gerson"]
[Black "Nakamura, Hikaru"]
[WhiteFideId "3804550"]
[BlackFideId "2016192"]
[WhiteElo "2280"]
[BlackElo "2909"]
[Result "0-1"]
[Round "01"]
[TimeControl "180+1"]
[Date "2022.10.11"]
[WhiteClock "0:00:51"]
[BlackClock "0:01:53"]

1. d4 f5 2. Nf3 Nf6 3. g3 g6 4. Bg2 Bg7 5. O-O O-O 6. c4 d6 7. Nc3 c6 8. b3 Qa5 9. Bb2 e5 10. e3 e4 11. Nd2 d5 12. a3 Be6 13. b4 Qd8 14. Qe2 Re8 15. Rfc1 Nbd7 16. a4 g5 17. b5 f4 18. Qe1 f3 19. Bf1 h5 20. bxc6 bxc6 21. cxd5 cxd5 22. Nb5 h4 23. Nc7 hxg3 24. hxg3 Kf7 25. Rc6 Bf5 26. Nxa8 Rh8 27. Nc7 Rh1+ 28. Kxh1 Qh8+ 29. Kg1 Ng4 0-1


[Site "https://www.chess.com"]

[Event "Titled Tuesday Blitz October 11 Early 2022"]
[White "Prokofiev, Valentyn"]
[Black "Valle Maytin, Luis Enrique"]
[WhiteFideId "14160161"]
[BlackFideId "3503666"]
[WhiteElo "2259"]
[BlackElo "2225"]
[Result "1-0"]
[Round "01"]
[TimeControl "180+1"]
[Date "2022.10.12"]
[WhiteClock "0:00:12"]
[BlackClock "0:00:08"]

1. d4 Nf6 2. c4 e6 3. Nf3 d5 4. e3 c5 5. cxd5 exd5 6. Bb5+ Bd7 7. Bxd7+ Nbxd7 8. O-O Be7 9. b3 Rc8 10. dxc5 Nxc5 11. Bb2 O-O 12. Nc3 Nce4 13. Qd3 Nxc3 14. Bxc3 Ne4 15. Bd4 Bf6 16. Rad1 Bxd4 17. Nxd4 Qf6 18. Nf3 Rfd8 19. Rc1 Rc6 20. Rxc6 bxc6 21. Qa6 g5 22. Nd4 c5 23. Qxf6 Nxf6 24. Nf5 Ne4 25. Rd1 Nc3 26. Rd2 Kf8 27. h3 f6 28. Rc2 d4 29. exd4 cxd4 30. Nxd4 Rxd4 31. Rxc3 a5 32. Rc7 Kg8 33. Ra7 Rd5 34. g4 f5 35. Kg2 f4 36. Kf3 Re5 37. h4 h6 38. h5 Kh8 39. Rf7 a4 40. Rf5 Re1 41. bxa4 Ra1 42. Ra5 Rxa2 43. Ra7 Kg8 44. a5 Kh8 45. a6 Kg8 46. Ke4 Rxf2 47. Kf5 Rb2 48. Rb7 Ra2 49. a7 Ra5+ 50. Ke4 Ra4+ 51. Kd3 Ra3+ 52. Kc2 f3 53. Rb8+ Kf7 54. a8=Q Rxa8 55. Rxa8 f2 56. Ra1 Ke6 57. Rf1 Ke5 58. Rxf2 Ke4 59. Rf6 1-0


[Site "https://www.chess.com"]

[Event "Titled Tuesday Blitz October 11 Early 2022"]
[White "Richter, Paul"]
[Black "Sarana, Alexey"]
[WhiteFideId "2046350"]
[BlackFideId "24133795"]
[WhiteElo "2544"]
[BlackElo "2689"]
[Result "0-1"]
[Round "01"]
[TimeControl "180+1"]
[Date "2022.10.11"]
[WhiteClock "0:00:03"]
[BlackClock "0:00:27"]

1. e4 c5 2. Nf3 d6 3. d4 cxd4 4. Nxd4 Nf6 5. Nc3 a6 6. Be2 e5 7. Nb3 Be7 8. g4 h6 9. Be3 Be6 10. Bf3 Nbd7 11. Qe2 Nb6 12. Na5 Qc7 13. O-O-O Rc8 14. Kb1 Na4 15. Nxa4 Qxa5 16. b3 Rc6 17. h4 b5 18. Nb2 Nd7 19. g5 Qc7 20. gxh6 gxh6 21. Bg4 Bxg4 22. Qxg4 Rxc2 23. Rc1 Rxc1+ 24. Rxc1 Qb7 25. f3 h5 26. Qg7 Bf6 27. Qg3 Ke7 28. Nd3 a5 29. Bd2 b4 30. Nb2 Rc8 31. Nc4 Qa6 32. Qe1 a4 33. Ne3 axb3 34. Nd5+ Ke8 35. axb3 Rxc1+ 36. Qxc1 Bd8 37. Bxb4 Qd3+ 38. Qc2 Qxf3 39. Bxd6 Qf1+ 40. Kb2 Qa6 41. Qc4 Qxd6 0-1


[Site "https://www.chess.com"]

[Event "Titled Tuesday Blitz October 11 Early 2022"]
[White "Riehle, Marco"]
[Black "Shohat, Yotam"]
[WhiteFideId "12904392"]
[BlackFideId "2813955"]
[WhiteElo "2462"]
[BlackElo "2199"]
[Result "1-0"]
[Round "01"]
[TimeControl "180+1"]
[Date "2022.10.12"]
[WhiteClock "0:02:01"]
[BlackClock "0:00:02"]

1. e4 c5 2. a3 g6 3. h4 h5 4. Nc3 Bg7 5. Bc4 Nc6 6. d3 Nf6 7. Bg5 O-O 8. Nge2 d6 9. Qd2 a6 10. O-O-O b5 11. Ba2 b4 12. axb4 Nxb4 13. Bb3 Qa5 14. Kb1 Be6 15. f4 Rab8 16. f5 Bxb3 17. cxb3 Nc6 18. Nc1 Kh7 19. Bxf6 Bxf6 20. Nd5 Be5 21. Qxa5 Nxa5 22. Kc2 e6 23. Ne3 Nc6 24. fxg6+ fxg6 25. Rhf1 Nd4+ 26. Kb1 Kg7 27. Nc4 Rxf1 28. Rxf1 Nxb3 29. Nxb3 Rxb3 30. Kc2 Rb8 31. Ra1 Rf8 32. Nxe5 dxe5 33. Rxa6 Rf2+ 34. Kc3 Kf6 35. Rc6 Rxg2 36. Rxc5 g5 37. hxg5+ Rxg5 38. Rc8 Kg7 39. b4 h4 40. Rc7+ Kh6 41. Rc8 Rg7 42. Rf8 h3 43. Rf3 1-0


[Site "https://www.chess.com"]

[Event "Titled Tuesday Blitz October 11 Early 2022"]
[White "Ronka, Erik"]
[Black "Lazavik, Denis"]
[WhiteFideId "505080"]
[BlackFideId "13515110"]
[WhiteElo "2264"]
[BlackElo "2437"]
[Result "1/2-1/2"]
[Round "01"]
[TimeControl "180+1"]
[Date "2022.10.11"]
[WhiteClock "0:00:03"]
[BlackClock "0:00:05"]

1. e4 c5 2. Nf3 e6 3. Nc3 Nc6 4. d4 cxd4 5. Nxd4 Qc7 6. Be3 a6 7. Qd2 Nf6 8. O-O-O Be7 9. f3 b5 10. Nxc6 dxc6 11. Qf2 e5 12. Bc5 Be6 13. Kb1 O-O 14. g4 Rfd8 15. Bd3 Bxc5 16. Qxc5 Nd7 17. Qe3 Qa5 18. a3 b4 19. axb4 Qxb4 20. Na2 Qb7 21. Be2 a5 22. Rd6 Rdb8 23. Qc3 Nb6 24. Qxc6 Qe7 25. Ka1 h6 26. Rhd1 a4 27. Nc3 Kh7 28. Nd5 Nxd5 29. exd5 Rc8 30. Rxe6 fxe6 31. Qxe6 Qf6 32. Bd3+ Kh8 33. Bf5 a3 34. Qxf6 axb2+ 35. Kxb2 Rcb8+ 36. Kc3 gxf6 37. Kd3 Ra3+ 38. c3 Kg7 39. Be4 Rb7 40. h4 Rc7 41. Rc1 Kf7 42. Kd2 Ke7 43. c4 Kd6 44. Rb1 Kc5 45. Rc1 Rb7 46. Rc2 Rbb3 47. h5 Ra4 48. Ke2 Rbb4 49. Rd2 Rb6 50. Bd3 Ra3 51. Ke3 Rbb3 52. Ke4 Kd6 53. Rd1 Rc3 54. Rd2 Rab3 55. Rd1 Ra3 56. Rd2 Kc5 57. Rd1 Kd6 1/2-1/2


[Site "https://www.chess.com"]

[Event "Titled Tuesday Blitz October 11 Early 2022"]
[White "Rosenberg, Evan S"]
[Black "Seo, Jung Min"]
[WhiteFideId "2019299"]
[BlackFideId "1734687"]
[WhiteElo "2407"]
[BlackElo "2455"]
[Result "0-1"]
[Round "01"]
[TimeControl "180+1"]
[Date "2022.10.12"]
[WhiteClock "0:00:09"]
[BlackClock "0:01:27"]

1. Nf3 d5 2. d4 Nd7 3. Bf4 Ngf6 4. h3 c5 5. c3 g6 6. e3 Bg7 7. Be2 O-O 8. O-O Ne4 9. Nfd2 Nd6 10. Bf3 cxd4 11. cxd4 Nf6 12. Nc3 e6 13. Rc1 b6 14. Qb3 Ba6 15. Rfe1 Nc4 16. Nxc4 Bxc4 17. Qa4 Qd7 18. b3 Qxa4 19. Nxa4 Bb5 20. Rc7 Rfc8 21. Rec1 Rxc7 22. Rxc7 Ne8 23. Rc1 Bf8 24. Nc3 Ba3 25. Rd1 Bd7 26. Nb1 Be7 27. Rc1 a5 28. a4 b5 29. axb5 Bxb5 30. g4 Bd7 31. Kg2 Ra7 32. Bd1 Rb7 33. Nd2 Kg7 34. Ra1 Bb4 35. Nf3 h6 36. Ne5 Bb5 37. Kf3 g5 38. Bg3 f6 0-1


[Site "https://www.chess.com"]

[Event "Titled Tuesday Blitz October 11 Early 2022"]
[White "Rustemov, Alexander"]
[Black "Skatchkov, Valery"]
[WhiteFideId "4119002"]
[BlackFideId "24195812"]
[WhiteElo "2811"]
[BlackElo "2199"]
[Result "1-0"]
[Round "01"]
[TimeControl "180+1"]
[Date "2022.10.12"]
[WhiteClock "0:00:07"]
[BlackClock "0:00:11"]

1. d4 d5 2. c4 c6 3. Nc3 Nf6 4. e3 Bf5 5. cxd5 cxd5 6. Qb3 Nc6 7. Qxb7 Bd7 8. Qb3 Rb8 9. Qd1 e5 10. dxe5 Nxe5 11. Be2 Bd6 12. Nf3 O-O 13. O-O Qc7 14. h3 Rfd8 15. Nd4 Nc4 16. Qc2 Qc8 17. b3 Na3 18. Bxa3 Bxa3 19. Bf3 Qc5 20. Nxd5 Qd6 21. Qc7 Qa6 22. Nxf6+ Qxf6 23. Qxa7 Bd6 24. Qa5 Bb5 25. Nxb5 Qe5 26. g3 Qxb5 27. Qxb5 Rxb5 28. Rfd1 Kf8 29. Rd2 Ke7 30. Rad1 Rb6 31. Rc2 Rdb8 32. Rc6 Rxc6 33. Bxc6 Rb6 34. Bd5 Ra6 35. a4 Bb4 36. Bc4 Rb6 37. Kg2 Bc3 38. Rd3 Bb4 39. f4 f6 40. Kf3 Rb8 41. Bb5 Rc8 42. Rd7+ Ke6 43. g4 g6 44. Rd3 Rc2 45. Bc4+ Ke7 46. Rd5 Rh2 47. Kg3 Rb2 48. Rb5 Be1+ 49. Kf3 Rh2 50. Rb7+ Kd6 51. Rxh7 f5 52. gxf5 gxf5 53. e4 Rf2+ 54. Ke3 fxe4 55. Kxe4 Bd2 56. Rf7 Rh2 57. f5 Rxh3 58. f6 Rh4+ 59. Kf5 Bc3 60. Rf8 Rh1 61. f7 Rh5+ 62. Ke4 Re5+ 63. Kd3 Bb4 64. Rd8+ Kc7 65. f8=Q Bxf8 66. Rxf8 Kb6 67. Rf6+ Ka5 68. Kc3 Re3+ 69. Bd3 Rh3 70. Ra6# 1-0


[Site "https://www.chess.com"]

[Event "Titled Tuesday Blitz October 11 Early 2022"]
[White "Sadubayev, Airat"]
[Black "Xie, Bryan"]
[WhiteFideId "13713264"]
[BlackFideId "30941296"]
[WhiteElo "2215"]
[BlackElo "2033"]
[Result "1-0"]
[Round "01"]
[TimeControl "180+1"]
[Date "2022.10.12"]
[WhiteClock "0:00:35"]
[BlackClock "0:00:08"]

1. e4 c5 2. Nf3 e6 3. d4 cxd4 4. Nxd4 Nc6 5. Nc3 Qc7 6. Be3 a6 7. Qf3 Nf6 8. O-O-O Ne5 9. Qg3 b5 10. f4 Neg4 11. Bg1 h5 12. e5 b4 13. Na4 Nd5 14. Nb3 Bb7 15. Nac5 a5 16. Nxb7 Qxb7 17. h3 Nh6 18. Bd3 a4 19. Nd4 a3 20. b3 Nc3 21. Be3 Nxa2+ 22. Kd2 Nc3 23. Ra1 Ne4+ 24. Bxe4 Qxe4 25. Qf3 Qxf3 26. Nxf3 Nf5 27. g4 hxg4 28. hxg4 Rxh1 29. Rxh1 Ng3 30. Ra1 Rc8 31. Bd4 Bc5 32. c4 Bxd4 33. Nxd4 Ne4+ 34. Ke3 Nc3 35. Nc2 Rb8 36. Kd3 Kd8 37. Nxb4 Rxb4 38. Kxc3 Rb7 39. Rxa3 Kc7 40. b4 Rb6 41. c5 Rb8 42. Kc4 Kc6 43. Ra6+ Kc7 44. b5 Rh8 45. Ra7+ Kb8 46. Rxd7 Rh4 47. Rxf7 Rxg4 48. b6 g5 49. Kb5 Rxf4 50. Rxf4 gxf4 51. Kc4 f3 52. Kd3 Kb7 53. Ke3 Kc6 1-0


[Site "https://www.chess.com"]

[Event "Titled Tuesday Blitz October 11 Early 2022"]
[White "Samaganova, Aleksandra"]
[Black "Sargsyan, Anna M."]
[WhiteFideId "13800221"]
[BlackFideId "13308130"]
[WhiteElo "1864"]
[BlackElo "2284"]
[Result "0-1"]
[Round "01"]
[TimeControl "180+1"]
[Date "2022.10.12"]
[WhiteClock "0:00:04"]
[BlackClock "0:00:56"]

1. c4 c6 2. Nf3 d5 3. e3 Nf6 4. Nc3 e6 5. d4 Nbd7 6. Bd3 dxc4 7. Bxc4 b5 8. Bd3 Bd6 9. O-O Bb7 10. a3 O-O 11. b4 a5 12. Rb1 Qe7 13. Qb3 axb4 14. axb4 e5 15. Bf5 exd4 16. exd4 Nb6 17. Re1 Qc7 18. Bg5 Nfd5 19. Nxd5 Nxd5 20. Bd2 Ra4 21. Rbc1 Nxb4 22. Ne5 Nd5 23. g3 Rxd4 24. Nf3 Ra4 25. Bd3 Ra3 26. Qb1 h6 27. Bxb5 Rxf3 28. Be2 Rf6 29. Bf1 Qb6 30. Qxb6 Nxb6 31. Rb1 Bc7 32. Bg2 Ba8 33. Bc3 Re6 34. Red1 Nd5 35. Bd4 Rfe8 36. Rbc1 g5 37. Bxd5 Rd6 38. Bf3 Red8 39. Bb2 Rxd1+ 40. Rxd1 Rxd1+ 41. Bxd1 c5 42. Bb3 Kf8 43. Bc4 Ke7 44. Bg7 h5 45. Bc3 Bf3 46. Kf1 f5 47. Ke1 Bd8 48. Bd2 Kd6 49. Be3 Bf6 50. Kd2 h4 51. Kd3 h3 52. Kd2 g4 53. Bf1 Be5 54. Bc4 Bd5 55. Bb5 c4 56. Bh6 Kc5 57. Ba4 Kb4 58. Bd7 c3+ 59. Kc1 Be4 60. Bf8+ Kc4 61. Be6+ Kd3 62. Bc8 Ke2 63. Bc5 Kf1 64. Ba6+ Kg2 65. f4 gxf3 66. Be3 Kxh2 67. Bf4 Bxf4+ 68. gxf4 Kg2 0-1


[Site "https://www.chess.com"]

[Event "Titled Tuesday Blitz October 11 Early 2022"]
[White "Schut, Han"]
[Black "Gubajdullin, Alexei"]
[WhiteFideId "1005561"]
[BlackFideId "4141202"]
[WhiteElo "2024"]
[BlackElo "2200"]
[Result "1-0"]
[Round "01"]
[TimeControl "180+1"]
[Date "2022.10.12"]
[WhiteClock "0:00:27"]
[BlackClock "0:00:10"]

1. e4 g6 2. d4 Bg7 3. Nc3 d6 4. f4 Nf6 5. Nf3 O-O 6. Bd3 Nc6 7. e5 dxe5 8. dxe5 Nd5 9. Nxd5 Qxd5 10. Qe2 Bg4 11. Be4 Qc5 12. c3 f5 13. Be3 Qa5 14. Bd3 e6 15. Bc4 Rfe8 16. O-O Bf8 17. b4 Qa3 18. Bb3 Nd8 19. h3 Bxf3 20. Qxf3 Qa6 21. Rad1 Qc6 22. Qf2 Qxc3 23. Rc1 Qxb4 24. Rxc7 Rc8 25. Rxc8 Qe7 26. Rd1 Nc6 27. Rxe8 Qxe8 28. Rd6 Bxd6 29. exd6 Qd7 30. Bc5 b6 31. Ba3 Na5 32. Qc2 Nxb3 33. axb3 Kf7 34. Qc7 Ke8 35. Qxd7+ Kxd7 36. Kf2 a5 37. Ke3 Kc6 38. Kd4 b5 39. Ke5 b4 40. Bb2 Kd7 41. Bd4 1-0


[Site "https://www.chess.com"]

[Event "Titled Tuesday Blitz October 11 Early 2022"]
[White "Seletsky, Grigory"]
[Black "Czernek, Tymon"]
[WhiteFideId "14112191"]
[BlackFideId "1199510"]
[WhiteElo "2492"]
[BlackElo "2240"]
[Result "1/2-1/2"]
[Round "01"]
[TimeControl "180+1"]
[Date "2022.10.12"]
[WhiteClock "0:01:06"]
[BlackClock "0:00:18"]

1. e4 c5 2. Nf3 d6 3. c3 Nf6 4. Bd3 g6 5. O-O Bg7 6. h3 O-O 7. Re1 Nc6 8. Bc2 c4 9. b3 b5 10. a4 cxb3 11. Bxb3 bxa4 12. Bxa4 Bb7 13. d4 Na5 14. Bc2 Nc4 15. Bd3 Qc7 16. Nbd2 Nxd2 17. Bxd2 e5 18. Qa4 Rfe8 19. Qa5 Qxa5 20. Rxa5 exd4 21. Nxd4 Bxe4 22. Bb5 Rec8 23. Rea1 Rc7 24. c4 Nd7 25. Be3 Nc5 26. R1a3 h5 27. Ba4 Nxa4 28. R3xa4 Rac8 29. Nb5 Rxc4 30. Rxc4 Rxc4 31. Nxd6 Rb4 32. Nxe4 Rxe4 33. Rxa7 h4 34. Kf1 Be5 35. Ke2 Rb4 36. Ra2 Rb2+ 37. Rxb2 Bxb2 38. Bg5 Kg7 39. Bxh4 Be5 40. Bg5 Bd6 41. Be3 Be5 42. g4 Bc7 43. Kf3 Bd6 44. Ke4 Bc7 45. f4 Ba5 46. f5 gxf5+ 47. Kxf5 Bc3 48. h4 Be1 49. h5 Bh4 50. Bf4 Be1 51. Be5+ Kg8 52. g5 Bd2 53. g6 fxg6+ 54. Kxg6 Bc1 55. Bf6 Bd2 56. h6 Bxh6 1/2-1/2


[Site "https://www.chess.com"]

[Event "Titled Tuesday Blitz October 11 Early 2022"]
[White "Shandrygin, Nikita"]
[Black "Bortnyk, Olexandr"]
[WhiteFideId "24198668"]
[BlackFideId "14120828"]
[WhiteElo "2323"]
[BlackElo "2723"]
[Result "0-1"]
[Round "01"]
[TimeControl "180+1"]
[Date "2022.10.11"]
[WhiteClock "0:00:02"]
[BlackClock "0:00:48"]

1. e4 Nf6 2. e5 Nd5 3. d4 d6 4. c4 Nb6 5. f4 dxe5 6. fxe5 Bf5 7. Nc3 e6 8. Be3 Bb4 9. a3 Bxc3+ 10. bxc3 Qh4+ 11. Bf2 Qe4+ 12. Qe2 Nxc4 13. Qxe4 Bxe4 14. Nf3 Bd5 15. Nd2 Nxd2 16. Kxd2 Nd7 17. c4 Bc6 18. Kc3 f6 19. exf6 Nxf6 20. Bd3 O-O 21. Rhd1 Bxg2 22. Rg1 Ne4+ 23. Bxe4 Bxe4 24. Bg3 Rf3+ 25. Kb2 c6 26. Raf1 Raf8 27. Rxf3 Rxf3 28. Re1 Bf5 29. Re2 g5 30. Bb8 a6 31. Bg3 h5 32. Rf2 Rd3 33. Be5 Kf7 34. c5 Kg6 35. a4 h4 36. a5 g4 37. Ka2 Kh5 38. Rg2 Be4 39. Re2 Bd5+ 40. Kb2 g3 41. hxg3 hxg3 42. Kc2 Ra3 43. Re3 Rxe3 0-1


[Site "https://www.chess.com"]

[Event "Titled Tuesday Blitz October 11 Early 2022"]
[White "Shimanov, Aleksandr"]
[Black "Lehtosaari, Mauri"]
[WhiteFideId "4198603"]
[BlackFideId "501999"]
[WhiteElo "2605"]
[BlackElo "2501"]
[Result "1-0"]
[Round "01"]
[TimeControl "180+1"]
[Date "2022.10.12"]
[WhiteClock "0:02:08"]
[BlackClock "0:01:01"]

1. e4 c5 2. Nf3 e6 3. g3 Nf6 4. d3 Nc6 5. Bg2 Be7 6. O-O O-O 7. Qe2 d6 8. c3 e5 9. a4 b6 10. Na3 Ba6 11. Nh4 Re8 12. Nf5 Bf8 13. Bg5 Rc8 14. Nb5 h6 15. Bxf6 Qxf6 16. Ne3 Qd8 17. Nd5 Qd7 18. Qh5 Ne7 19. Bh3 Qb7 20. Nxd6 1-0


[Site "https://www.chess.com"]

[Event "Titled Tuesday Blitz October 11 Early 2022"]
[White "Shuvalov, Evgenij"]
[Black "Mitrabha, Guha"]
[WhiteFideId "4187237"]
[BlackFideId "5057000"]
[WhiteElo "2049"]
[BlackElo "2526"]
[Result "0-1"]
[Round "01"]
[TimeControl "180+1"]
[Date "2022.10.11"]
[WhiteClock "0:00:06"]
[BlackClock "0:02:08"]

1. d4 Nf6 2. c4 e6 3. Nf3 c5 4. g3 cxd4 5. Nxd4 d5 6. Bg2 e5 7. Nc2 d4 8. O-O Nc6 9. e3 d3 10. Ne1 e4 11. Nc3 Bg4 12. f3 exf3 13. Bxf3 Bxf3 14. Rxf3 Ne5 15. Rf5 Nfg4 16. h3 g6 17. Rf4 Nf6 18. Rd4 Qc7 19. Nb5 Qb8 20. Kg2 Bc5 21. Nxd3 Bxd4 22. exd4 Nxd3 23. Qxd3 O-O 24. Bf4 Qe8 25. Nd6 Qd7 26. c5 Qc6+ 27. Kh2 Rad8 28. Bg5 Rxd6 29. cxd6 Nd5 30. Be7 Re8 31. Re1 Nb6 32. Re2 Nd7 33. Rc2 Qd5 34. Rc7 Nb6 35. Qb3 Qxd4 36. Bg5 Qf2+ 37. Kh1 Re1# 0-1


[Site "https://www.chess.com"]

[Event "Titled Tuesday Blitz October 11 Early 2022"]
[White "Shuvalova, Polina"]
[Black "Matveeva, Olga"]
[WhiteFideId "24171760"]
[BlackFideId "24107018"]
[WhiteElo "2392"]
[BlackElo "2055"]
[Result "1-0"]
[Round "01"]
[TimeControl "180+1"]
[Date "2022.10.12"]
[WhiteClock "0:00:49"]
[BlackClock "0:00:21"]

1. d4 Nf6 2. Nf3 e6 3. Bf4 d5 4. e3 c5 5. Nbd2 Nc6 6. c3 Bd6 7. Bg3 O-O 8. Bd3 b6 9. O-O Bb7 10. Qe2 Bxg3 11. hxg3 Re8 12. dxc5 bxc5 13. e4 e5 14. exd5 Qxd5 15. Ne4 Nxe4 16. Bxe4 Qe6 17. Bxh7+ Kh8 18. Be4 Rad8 19. Ng5 Qf6 20. Qh5+ Kg8 21. Rad1 g6 22. Qh7+ Kf8 23. Qh6+ Kg8 24. Bd5 Rxd5 25. Rxd5 Nd4 26. Rd6 Ne2+ 27. Kh2 Qf5 28. Rfd1 Bc8 29. Nh3 e4 30. Qe3 1-0


[Site "https://www.chess.com"]

[Event "Titled Tuesday Blitz October 11 Early 2022"]
[White "Shvedova, Alexandra"]
[Black "Xu, Yi"]
[WhiteFideId "54154782"]
[BlackFideId "8605564"]
[WhiteElo "2090"]
[BlackElo "2471"]
[Result "0-1"]
[Round "01"]
[TimeControl "180+1"]
[Date "2022.10.12"]
[WhiteClock "0:00:17"]
[BlackClock "0:00:14"]

1. Nf3 d5 2. g3 Nf6 3. Bg2 c5 4. O-O e6 5. d4 cxd4 6. Nxd4 e5 7. Nb5 a6 8. N5c3 Be6 9. Bg5 d4 10. Ne4 Nc6 11. c3 Be7 12. Nxf6+ Bxf6 13. Bxf6 Qxf6 14. cxd4 exd4 15. Nd2 O-O 16. Ne4 Qe7 17. h4 h6 18. Nd2 Rfd8 19. a3 Bd5 20. Rc1 Bxg2 21. Kxg2 Re8 22. Re1 Rad8 23. Nf3 Qe6 24. Qd3 Qa2 25. Rc2 Qd5 26. Kg1 Re4 27. Rec1 Rde8 28. b4 Qe6 29. Kf1 Qh3+ 30. Kg1 R8e6 31. Qd1 Qg4 32. Kg2 Re8 33. Qd3 Ne7 34. Rc4 Nd5 35. Kf1 Qh3+ 36. Ke1 Rxe2+ 37. Qxe2 Rxe2+ 38. Kxe2 Nc3+ 39. Kd3 Qf5+ 40. Kxd4 Ne2+ 41. Ke3 Nxc1 42. Rxc1 Qe6+ 43. Kd3 Qa2 44. Ne5 Qxa3+ 45. Rc3 Qxb4 46. f4 Qb5+ 47. Kd4 Qb6+ 48. Kd5 Qe6+ 49. Kd4 a5 50. g4 a4 51. f5 Qd6+ 52. Ke4 Qb4+ 53. Rc4 Qb1+ 54. Kd5 a3 55. Rc8+ Kh7 56. Nxf7 Qb3+ 57. Rc4 a2 58. Kd4 a1=Q+ 0-1


[Site "https://www.chess.com"]

[Event "Titled Tuesday Blitz October 11 Early 2022"]
[White "Slaby, Jerzy"]
[Black "Chigaev, Maksim"]
[WhiteFideId "1121405"]
[BlackFideId "4108116"]
[WhiteElo "2534"]
[BlackElo "2537"]
[Result "1/2-1/2"]
[Round "01"]
[TimeControl "180+1"]
[Date "2022.10.11"]
[WhiteClock "0:00:20"]
[BlackClock "0:00:03"]

1. Nf3 d5 2. g3 g6 3. Bg2 Bg7 4. O-O e5 5. d3 Ne7 6. c4 O-O 7. cxd5 Nxd5 8. Nc3 Nb6 9. Be3 Nc6 10. a3 Re8 11. b4 a5 12. b5 Nd4 13. Rc1 a4 14. Bxd4 exd4 15. Ne4 Nd5 16. Rc4 Nb6 17. Rc2 Qe7 18. Qc1 Nd5 19. Re1 Ra5 20. Rc5 Nc3 21. Rc4 Nxb5 22. Qf4 Be6 23. Rc5 c6 24. Rec1 Nc3 25. R1xc3 dxc3 26. Rxa5 Qxa3 27. Rxa4 Qb2 28. Rb4 Qa1+ 29. Bf1 Bh3 30. Ned2 cxd2 31. Nxd2 b5 32. Re4 Be6 33. h4 h5 34. Nf3 Qf6 35. Qe3 Qd8 36. Ng5 Bd7 37. Bg2 Rxe4 38. Bxe4 Qe8 39. Qc5 Bf8 40. Qc3 Bg7 41. Qb3 Kf8 42. Nh7+ Ke7 43. Ng5 Bf6 44. Qb4+ Kd8 45. Qa5+ Ke7 46. Qb4+ Kd8 47. Qa5+ Ke7 48. Qb4+ 1/2-1/2


[Site "https://www.chess.com"]

[Event "Titled Tuesday Blitz October 11 Early 2022"]
[White "Smietanska, Wiktoria"]
[Black "Terzi, Alexei"]
[WhiteFideId "21869359"]
[BlackFideId "13505076"]
[WhiteElo "1854"]
[BlackElo "2172"]
[Result "0-1"]
[Round "01"]
[TimeControl "180+1"]
[Date "2022.10.12"]
[WhiteClock "0:00:07"]
[BlackClock "0:00:12"]

1. c4 c5 2. Nf3 Nc6 3. Nc3 Nf6 4. g3 g6 5. d4 cxd4 6. Nxd4 Bg7 7. Bg2 O-O 8. O-O Qa5 9. Nc2 d6 10. Ne3 Be6 11. Ncd5 Bxd5 12. Nxd5 Nxd5 13. cxd5 Ne5 14. Bd2 Qa6 15. Bc3 Rac8 16. a3 Rc7 17. Rc1 Rc5 18. b4 Rc4 19. Qb3 Rfc8 20. Rfd1 b5 21. e3 Nd7 22. Bb2 Qa4 23. Qxa4 bxa4 24. Rxc4 Rxc4 25. Rc1 Nb6 26. Rb1 Rc2 27. Bxg7 Kxg7 28. e4 Nc4 29. Ra1 Rc3 30. Bf1 Nd2 31. Bg2 Kf6 32. f3 Ke5 33. Kf2 Nc4 34. Bf1 Rxa3 35. Rb1 Ra2+ 36. Be2 a3 37. Ke1 Ne3 38. Bd3 Kd4 39. Be2 Rb2 40. Ra1 Nc2+ 0-1


[Site "https://www.chess.com"]

[Event "Titled Tuesday Blitz October 11 Early 2022"]
[White "Sohier, Julien"]
[Black "Maltsevskaya, Aleksandra"]
[WhiteFideId "645346"]
[BlackFideId "24174041"]
[WhiteElo "2209"]
[BlackElo "2289"]
[Result "0-1"]
[Round "01"]
[TimeControl "180+1"]
[Date "2022.10.12"]
[WhiteClock "0:00:09"]
[BlackClock "0:00:21"]

1. e4 c5 2. Nc3 e6 3. Nf3 d5 4. exd5 exd5 5. d4 Nc6 6. Bb5 cxd4 7. Nxd4 Bd7 8. O-O Nf6 9. Bg5 Be7 10. Bxf6 Bxf6 11. Re1+ Kf8 12. Nf3 Be6 13. Qd2 a6 14. Ba4 Qa5 15. Bb3 Rd8 16. Rad1 g6 17. Ng5 Bf5 18. Bxd5 Rxd5 19. Qxd5 Qxd5 20. Rxd5 Bxg5 21. g4 Nb4 22. Rde5 Nxc2 23. Re8+ Kg7 24. Rxh8 Nxe1 25. Rb8 Nf3+ 26. Kg2 Bxg4 27. h3 Nh4+ 28. Kg3 Bd7 29. Rxb7 Bc6 30. Rb6 Nf5+ 31. Kg4 f6 32. Rxc6 h5+ 33. Kf3 Nd4+ 34. Ke4 Nxc6 35. Kd5 Ne5 36. Kc5 Nd3+ 37. Kb6 Nxb2 38. Kxa6 Nd3 39. Ne4 Bc1 40. a4 f5 41. Nc3 Nxf2 0-1


[Site "https://www.chess.com"]

[Event "Titled Tuesday Blitz October 11 Early 2022"]
[White "Sonnenschein, Philipp"]
[Black "Mikhailovsky, Vladimir"]
[WhiteFideId "16250877"]
[BlackFideId "34105414"]
[WhiteElo "2225"]
[BlackElo "2297"]
[Result "0-1"]
[Round "01"]
[TimeControl "180+1"]
[Date "2022.10.12"]
[WhiteClock "0:00:56"]
[BlackClock "0:01:03"]

1. e4 Nf6 2. e5 Nd5 3. d4 d6 4. Nf3 dxe5 5. Nxe5 c6 6. Be2 Bf5 7. O-O Nd7 8. Nf3 e6 9. c4 N5f6 10. Nc3 Bd6 11. Re1 O-O 12. h3 h6 13. b3 Bb4 14. Bd2 Qa5 15. Rc1 Rad8 16. a4 Rfe8 17. Nb1 e5 18. Bxb4 Qxb4 19. Nc3 exd4 20. Nxd4 Nc5 21. Nxf5 Rxd1 22. Rexd1 Nxb3 23. Rc2 Qc5 24. Ne3 Nd4 25. Rcc1 Nxe2+ 26. Nxe2 Rxe3 27. fxe3 Qxe3+ 28. Kf1 Ne4 29. Rd8+ Kh7 30. Ke1 Qf2+ 31. Kd1 Qf1+ 32. Kc2 Qxe2+ 0-1


[Site "https://www.chess.com"]